 Dungeon Crawl Stone Soup version 0.21.1-1-g345015f (webtiles) character file.

12929 Mesmaeker13 the Arsonist (level 12, -5/61 HPs)
             Began as a Gargoyle Fire Elementalist on Apr 30, 2018.
             Was a Priest of Sif Muna.
             Hit by a javelin thrown by Urug (22 damage)
             ... on level 2 of the Lair of Beasts on May 1, 2018.
             The game lasted 00:39:30 (16528 turns).

Mesmaeker13 the Arsonist (GrFE)                    Turns: 16528, Time: 00:39:31

Health: -5/61      AC: 14    Str: 14    XL:     12   Next: 0%
Magic:  17/19      EV: 15    Int: 19    God:    Sif Muna [***...]
Gold:   696        SH:  0    Dex: 13    Spells: 5/21 levels left

rFire    + . .     SeeInvis .   e - staff of conjuration
rCold    x . .     Gourm    .   (no shield)
rNeg     + . .     Faith    .   E - +1 robe
rPois    ∞         Spirit   .   (no helmet)
rElec    +         Reflect  .   (no cloak)
rCorr    .         Harm     .   g - +0 pair of gloves
MR       .....                  (no boots)
Stlth    ++........             G - amulet of magic regeneration
HPRegen  0.20/turn              h - ring of fire
MPRegen  0.41/turn              l - +3 ring of dexterity

@: no status effects
A: negative energy resistance 1, electricity resistance, unbreathing,
petrification resistance, rot immunity, AC +8
a: Divine Energy, Channel Magic, Renounce Religion


You were on level 2 of the Lair of Beasts.
You worshipped Sif Muna.
Sif Muna was most pleased with you.
You were hungry.

You visited 3 branches of the dungeon, and saw 13 of its levels.
You also visited: Bailey.

You collected 696 gold pieces.

Inventory:

Hand Weapons
 f - a +1 dagger of venom
 u - a +4 long sword
 v - a +2 scimitar
 C - a +0 long sword of holy wrath
Armour
 g - a +0 pair of gloves (worn)
 E - a +1 robe (worn)
Magical Staves
 e - an uncursed staff of conjuration (weapon)
Jewellery
 a - an uncursed ring of protection from fire
 h - a ring of fire (left hand)
 l - a +3 ring of dexterity (right hand)
 w - an uncursed ring of protection from fire
 G - an amulet of magic regeneration (around neck)
 K - an uncursed amulet of regeneration
Wands
 A - a wand of digging (9)
Scrolls
 d - 2 scrolls of teleportation
 m - 2 scrolls of magic mapping
 p - 2 scrolls of enchant armour
 q - 3 scrolls of amnesia
 r - 2 scrolls of enchant weapon
 x - a scroll of brand weapon
 y - a scroll of holy word
 B - 2 scrolls of blinking {unknown}
 F - a scroll of remove curse
 J - 2 scrolls of fog {unknown}
Potions
 i - 4 potions of flight
 j - a potion of haste
 k - a potion of agility
 n - a potion of curing
 o - 2 potions of magic {unknown}
 t - 2 potions of lignification {unknown}
 z - 2 potions of mutation {unknown}
 D - 3 potions of heal wounds {unknown}
 H - a potion of resistance {unknown}
 I - a potion of brilliance {unknown}
Books
 b - a book of Flames

   Spells                             Type                      Level
   a - Flame Tongue                   Conjuration/Fire             1
   b - Throw Flame                    Conjuration/Fire             2
   c - Conjure Flame                  Conjuration/Fire             3
   d - Inner Flame                    Hexes/Fire                   3
   e - Sticky Flame                   Conjuration/Fire             4
   f - Fireball                       Conjuration/Fire             5
 s - a book of Minor Magic

   Spells                             Type                      Level
   a - Magic Dart                     Conjuration                  1
   b - Blink                          Translocation                2
   c - Call Imp                       Summoning                    2
   d - Slow                           Hexes                        2
   e - Conjure Flame                  Conjuration/Fire             3
   f - Mephitic Cloud                 Conjuration/Poison/Air       3
 L - a book of Debilitation

   Spells                             Type                      Level
   a - Corona                         Hexes                        1
   b - Slow                           Hexes                        2
   c - Inner Flame                    Hexes/Fire                   3
   d - Portal Projectile              Hexes/Translocation          3
   e - Cause Fear                     Hexes                        4
   f - Leda's Liquefaction            Hexes/Earth                  4
 N - a book of Power

   Spells                             Type                      Level
   a - Iskenderun's Battlesphere      Conjuration/Charms           5
   b - Venom Bolt                     Conjuration/Poison           5
   c - Bolt of Magma                  Conjuration/Fire/Earth       5
   d - Iron Shot                      Conjuration/Earth            6
   e - Orb of Destruction             Conjuration                  7
   f - Spellforged Servitor           Conjuration/Summoning        7
Miscellaneous
 M - a sack of spiders
Comestibles
 c - 21 rations


   Skills:
 + Level 1.2 Fighting
 - Level 9.0 Armour
 + Level 6.2 Dodging
 - Level 2.1 Stealth
 - Level 5.0 Spellcasting
 + Level 9.9 Conjurations
 + Level 11.3 Fire Magic
 - Level 3.0 Poison Magic


You had 5 spell levels left.
You knew the following spells:

 Your Spells              Type           Power        Failure   Level  Hunger
a - Flame Tongue          Conj/Fire      #####        1%          1    None
c - Conjure Flame         Conj/Fire      #######.     1%          3    ##.....
d - Mephitic Cloud        Conj/Pois/Air  ####....     6%          3    ##.....
e - Fireball              Conj/Fire      #######...   4%          5    ######.
f - Sticky Flame          Conj/Fire      #######.     1%          4    ####...


Dungeon Overview and Level Annotations

Branches:
Dungeon (10/15)            Temple (1/1) D:5            Lair (2/6) D:10
  Swamp: Lair:2-4    Shoals: Lair:2-4     Snake: Lair:2-4    Spider: Lair:2-4
    Orc: D:9-12

Altars:
Ashenzari
Cheibriados
Dithmenos
Elyvilon
Fedhas
Gozag
Hepliaklqana
Kikubaaqudgha
Makhleb
Nemelex Xobeh
Okawaru
Qazlal
Ru
Sif Muna
Trog
Uskayaw
Vehumet
Wu Jian
Xom
Yredelemnul
Zin
The Shining One
Beogh

Shops:
D:2 *

Annotations:
D:8 crasatator's ghost, novice DrFE
D:9 Raikon's ghost, journeyman MiGl
Lair:1 exclusion: oklob plant
Lair:2 Urug


Innate Abilities, Weirdness & Mutations

You are resistant to torment.
Your stone body is resilient. (AC +8)
You are immune to poison.
You resist negative energy. (rN+)
You are resistant to electric shocks. (rElec)
You can survive without breathing.
You are immune to petrification.
You are immune to rotting.


Message History

Aiming: Sticky Flame
Press: ? - help, Shift-Dir - straight line, f/p - Urug
Aim: Urug, wielding a vampiric glaive and wearing a glowing chain mail You feel a strong surge of power!
The sticky flame hits Urug.
Urug is lightly wounded.
Urug is covered in liquid flames!
Urug burns!
Urug hits you with a vampiric glaive!!
* * * LOW HITPOINT WARNING * * *
Urug burns!
Urug hits you from afar with a vampiric glaive.
* * * LOW HITPOINT WARNING * * *
Okay, then.
You feel better.
Urug burns!
Urug burns!
Urug throws a javelin.
The javelin hits you but does no damage.
You see here a javelin.
Okay, then.
Unknown command.
You feel better.
Urug burns!
Urug throws a javelin.
The javelin hits you!!
You die...

..# ........ ...
....###....... .#...#.#.#
#..###P.......
.P....#..#######..#.#........
.............................
.#...#........o..............
.......#.....................
............#........#.......
.P..........@....(....(......
#..........##.######........
###..........P...##..#.......
##.#..P.......................
..............................
#............P................
.............................
......................P#.....
..###.............(..........


You could see Urug (burning).

Vanquished Creatures
  2 two-headed ogres
  Pikel (D:6)
  2 orc knights (Bailey)
  A centaur zombie (D:10)
  Joseph (Lair:1)
  A komodo dragon (Lair:1)
  2 spiny frogs (Lair:1)
  Prince Ribbit (D:7)
  4 hippogriffs
  The ghost of Tiareth the Conjurer, an amateur DECj (D:3)
  A centaur simulacrum (D:9)
  Sigmund (D:4)
  9 yaks
  2 hungry ghosts
  Duvessa (D:7)
  4 water moccasins (Lair:1)
  3 sky beasts
  3 slaves (D:6)
  6 orc warriors
  A hornet zombie (D:9)
  2 ice beasts
  A black bear (D:7)
  2 phantoms (D:10)
  8 ogres
  A necrophage (D:8)
  2 wolves (Lair:1)
  2 centaurs
  2 crocodiles (Lair:1)
  A big kobold (D:10)
  A wyvern zombie (D:7)
  5 bullfrogs
  7 scorpions
  Dowan (D:7)
  11 killer bees (D:10)
  5 wights
  7 howler monkeys
  4 crimson imps
  A bullfrog zombie (D:7)
  7 hounds
  3 jellies
  6 orc priests
  6 worker ants
  4 iguanas
  7 orc wizards
  A hound skeleton (D:10)
  9 gnolls
  11 adders
  3 shadow imps
  An adder skeleton (D:5)
  An adder zombie (D:5)
  4 worms
  7 leopard geckos
  33 orcs
  5 bats
  3 giant cockroaches
  9 goblins
  11 hobgoblins
  11 jackals
  17 kobolds
  4 quokkas
  5 ball pythons
  3 frilled lizards
  A leopard gecko skeleton (D:7)
  10 rats
  A plant (D:10)
293 creatures vanquished.

Vanquished Creatures (others)
  A killer bee (D:10)
  2 fungi (Lair:1)
3 creatures vanquished.

Grand Total: 296 creatures vanquished

Notes
Turn   | Place    | Note
-------+----------+-------------------------------------------
     0 | D:1      | Mesmaeker13 the Gargoyle Fire Elementalist began the quest for the Orb.
     0 | D:1      | Reached XP level 1. HP: 10/10 MP: 3/3
   290 | D:1      | Reached XP level 2. HP: 15/15 MP: 1/5
  1149 | D:2      | Reached XP level 3. HP: 19/19 MP: 1/6
  1156 | D:2      | Learned a level 2 spell: Throw Flame
  1203 | D:2      | Found a glowing silver altar of Zin.
  1204 | D:2      | Found Zin's Purification Station.
  1632 | D:2      | Found a blossoming altar of Fedhas.
  1776 | D:2      | Found a shattered altar of Ashenzari.
  1778 | D:2      | Found a radiant altar of Vehumet.
  2020 | D:3      | Reached XP level 4. HP: 24/24 MP: 1/7
  2270 | D:3      | Noticed Tiareth's ghost (amateur DECj)
  2891 | D:2      | Learned a level 3 spell: Conjure Flame
  3001 | D:3      | Reached XP level 5. HP: 28/28 MP: 6/8
  3002 | D:3      | Reached skill level 4 in Fire Magic
  3845 | D:4      | Noticed an ogre
  3857 | D:4      | Killed an ogre
  3857 | D:4      | Reached XP level 6. HP: 32/32 MP: 2/9
  4387 | D:4      | Found a sparkling altar of Nemelex Xobeh.
  4588 | D:4      | Reached skill level 5 in Fire Magic
  4588 | D:4      | Reached XP level 7. HP: 36/36 MP: 3/10
  5059 | D:4      | Noticed Sigmund
  5065 | D:4      | Killed Sigmund
  5065 | D:4      | Reached skill level 5 in Conjurations
  5421 | D:5      | Entered Level 5 of the Dungeon
  5457 | D:5      | Reached XP level 8. HP: 18/41 MP: 0/11
  5679 | D:5      | Found a staircase to the Ecumenical Temple.
  5721 | Temple   | Entered the Ecumenical Temple
  6100 | D:5      | You fall through a shaft!
  6122 | D:5      | Reached skill level 6 in Fire Magic
  6246 | D:5      | Found a snail-covered altar of Cheibriados.
  6555 | D:5      | Reached skill level 5 in Dodging
  7320 | D:6      | Learned a level 3 spell: Mephitic Cloud
  7451 | D:6      | Noticed Pikel
  8068 | D:6      | Killed Pikel
  8068 | D:6      | Reached skill level 7 in Fire Magic
  8068 | D:6      | Reached XP level 9. HP: 38/45 MP: 1/12
  8336 | D:3      | Killed Tiareth's ghost
  8536 | D:7      | Reached skill level 1 in Armour
  8777 | D:7      | Reached skill level 8 in Fire Magic
  9027 | D:7      | Noticed Dowan
  9028 | D:7      | Noticed Duvessa
  9067 | D:7      | Killed Dowan
  9361 | D:7      | Killed Duvessa
  9448 | D:7      | Found a sparkling altar of Nemelex Xobeh.
  9483 | D:7      | Noticed Prince Ribbit
  9493 | D:7      | Killed Prince Ribbit
  9824 | D:7      | Reached XP level 10. HP: 43/50 MP: 2/16
 10113 | D:8      | Found a flagged portal.
 10120 | D:8      | Got a polished hand axe
 10124 | D:8      | Identified the cursed +1 hand axe of Misery {chop, rF+} (You found it on level 8 of the Dungeon)
 10127 | Bailey   | Entered a bailey
 10177 | Bailey   | Noticed an orc knight
 10222 | Bailey   | Killed an orc knight
 10222 | Bailey   | Reached skill level 9 in Fire Magic
 10223 | Bailey   | Noticed an orc knight
 10247 | Bailey   | Killed an orc knight
 10247 | Bailey   | Reached skill level 5 in Armour
 10486 | D:8      | Reached skill level 5 in Spellcasting
 10819 | D:8      | Reached skill level 1 in Poison Magic
 10847 | D:8      | Noticed crasatator's ghost (novice DrFE)
 11104 | D:8      | Found a stormy altar of Qazlal.
 11104 | D:8      | Found a hide-covered altar of Uskayaw.
 11105 | D:8      | Found a deep blue altar of Sif Muna.
 11105 | D:8      | Found a sacrificial altar of Ru.
 11110 | D:8      | Became a worshipper of Sif Muna the Loreminder
 11733 | D:9      | Noticed a two-headed ogre
 12123 | D:9      | Reached * piety under Sif Muna
 12243 | D:9      | Learned a level 5 spell: Fireball
 12347 | D:9      | Killed a two-headed ogre
 12347 | D:9      | Reached skill level 10 in Fire Magic
 12347 | D:9      | Reached XP level 11. HP: 54/54 MP: 5/18
 12354 | D:9      | Noticed Raikon's ghost (journeyman MiGl)
 12893 | D:10     | Entered Level 10 of the Dungeon
 13019 | D:10     | Found a staircase to the Lair.
 13030 | D:10     | Noticed a two-headed ogre
 13053 | D:10     | Killed a two-headed ogre
 13617 | D:10     | Reached ** piety under Sif Muna
 14753 | D:10     | Learned a level 4 spell: Sticky Flame
 15071 | D:10     | Found a roughly hewn altar of Beogh.
 15141 | Lair:1   | Entered Level 1 of the Lair of Beasts
 15371 | Lair:1   | Reached *** piety under Sif Muna
 15498 | Lair:1   | Reached skill level 11 in Fire Magic
 15530 | Lair:1   | Noticed Joseph
 15548 | Lair:1   | Killed Joseph
 16054 | Lair:1   | Reached skill level 1 in Fighting
 16062 | Lair:1   | Reached XP level 12. HP: 51/61 MP: 2/19
 16391 | Lair:2   | Noticed Urug
 16525 | Lair:2   | HP: 3/61 [Urug/vampiric glaive (6)]
 16528 | Lair:2   | Hit by a javelin thrown by Urug

Skill      XL: |  1  2  3  4  5  6  7  8  9 10 11 |
---------------+----------------------------------+-----
Dodging        | 2 3 4 5 6 |  6.2
Conjurations   | 2 3 4 5 7 9 |  9.9
Fire Magic     | 4 5 7 8 10 11 | 11.3
Armour         | 3 6 9 |  9.0
Spellcasting   | 4 5 |  5.0
Poison Magic   | 3 |  3.0
Fighting       | 1 |  1.2
Stealth        | |  2.1

Action                   |  1- 3 |  4- 6 |  7- 9 | 10-12 || total
-------------------------+-------+-------+-------+-------++-------
Melee: Unarmed           |    11 |       |       |       ||    11
       Dagger            |    14 |    59 |    19 |    22 ||   114
       Staff             |       |       |    27 |    72 ||    99
       Hand axe          |       |       |       |    50 ||    50
       Scimitar          |       |       |       |    14 ||    14
Throw: Throwing net      |       |       |     1 |       ||     1
 Cast: Flame Tongue      |    52 |    51 |   202 |   412 ||   717
       Throw Flame       |     2 |    16 |    31 |    90 ||   139
       Mephitic Cloud    |       |       |     2 |    19 ||    21
       Conjure Flame     |       |       |     2 |     2 ||     4
       Sticky Flame      |       |       |       |    14 ||    14
Evoke: Wand              |       |       |     2 |     2 ||     4
  Use: Scroll            |     1 |     3 |     8 |     7 ||    19
       Potion            |       |       |       |     6 ||     6
 Stab: Distracted        |       |     1 |       |       ||     1
       Confused          |       |       |     1 |     1 ||     2
  Eat: Chunk             |     4 |     7 |    13 |    22 ||    46
       Ration            |       |     1 |     2 |     2 ||     5
Armor: Robe              |    31 |    27 |    51 |   170 ||   279
Dodge: Dodged            |    50 |    56 |    73 |   321 ||   500
